 Dungeon Crawl Stone Soup version 0.26.1-11-gd32895ea62 (webtiles) character file.

Game seed: 13886908724306983820

39 Felido the Vexing (level 3, 0/24 HPs)
             Began as a Vampire Enchanter on June 27, 2021.
             Slain by a hobgoblin (5 damage)
             ... on level 2 of the Dungeon.
             The game lasted 00:05:41 (937 turns).

Felido the Vexing (Vampire Enchanter)                Turns: 937, Time: 00:05:42

Health: 0/24       AC:  3    Str:  7    XL:     3   Next: 26%
Magic:  6/6        EV: 12    Int: 18    God:
Gold:   33         SH:  0    Dex: 14    Spells: 1/7 levels left

rFire    . . .     SeeInvis +   a - +1 dagger
rCold    . . .     Faith    .   (no shield)
rNeg     . . .     Spirit   .   i - +0 leather armour
rPois    .         Reflect  .   (no helmet)
rElec    .         Harm     .   (no cloak)
rCorr    +         Rampage  .   (no gloves)
Will     .....                  (no boots)
Stlth    ++........             (no amulet)
HPRegen  0.28/turn              c - ring of resist corrosion
MPRegen  0.10/turn              g - ring of see invisible

@: lethally poisoned (0 -> 0), regenerating quickly
A: fangs 3, see invisible, unbreathing
a: Exsanguinate


You were on level 2 of the Dungeon.
You visited 1 branch of the dungeon, and saw 2 of its levels.

You collected 33 gold pieces.

Inventory:

Hand Weapons
 a - a +1 dagger (weapon)
Armour
 b - a +0 robe
 i - a +0 leather armour (worn)
 k - a +0 robe
Jewellery
 c - a ring of resist corrosion (left hand)
 g - a ring of see invisible (right hand)
Scrolls
 d - a scroll of random uselessness {unknown}
 h - a scroll of identify {unknown}
Potions
 e - 2 potions of heal wounds {unknown}
 f - 2 potions of magic {unknown}
 j - a potion of ambrosia {unknown}


   Skills:
 + Level 1.6 Short Blades
 + Level 2.7 Dodging
 + Level 4.5 Stealth
 + Level 2.5 Spellcasting
 + Level 5.0 Hexes


You had one spell level left.
You knew the following spells:

 Your Spells              Type           Power        Failure   Level
a - Corona                Hex            22%          3%          1
b - Ensorcelled Hibernat  Hex/Ice        22%          14%         2
c - Confusing Touch       Hex            20%          10%         3

Your spell library contained the following spells:

 Spells                   Type           Power        Failure   Level
 Tukima's Dance           Hex            20%          10%         3
 Dazzling Flash           Conj/Hex       22%          26%         3


Dungeon Overview and Level Annotations

Branches:
Dungeon (2/15)

Altars:

Annotations:
D:2 Robin


Innate Abilities, Weirdness & Mutations

Your natural rate of healing is unusually fast.
You have razor-sharp teeth.
You have supernaturally acute eyesight. (SInv)
You can survive without breathing.


Message History

You closely miss the adder.
The adder is moderately wounded.
The hobgoblin misses you. The adder closely misses you.
The goblin barely misses you. The goblin hits you but does no damage.
The hobgoblin barely misses you. The hobgoblin closely misses you.
The hobgoblin hits you but does no damage.
The adder completely misses you. The hobgoblin barely misses you.
You barely miss the goblin.
The goblin unwields a +0 hunting sling.
The goblin barely misses you. The adder completely misses you.
The hobgoblin closely misses you. The goblin hits you with a +0 club.
You barely miss the goblin. The goblin barely misses you. The adder bites you.
You are poisoned.
The adder poisons you! The goblin hits you.
* * * LOW HITPOINT WARNING * * *
The hobgoblin hits you but does no damage.
You hit the goblin.
The goblin is moderately wounded.
You feel sick. The hobgoblin hits you.
You die...

..? #....# ....
##†#g##
....##..#.#
..........# ####
......[.g## .....
##.##....###.....
#..###...g.......
#.....(.ggg..!...
....###..S@g.....#
.. #(.g########
#...# #...# #...#
#####


You could see Robin, an adder, 2 hobgoblins and 4 goblins.

Vanquished Creatures
  A gnoll (D:1)
  An ooze (D:1)
  2 dart slugs (D:1)
  A giant cockroach (D:1)
  A goblin (D:2)
  3 hobgoblins (D:1)
  4 kobolds (D:1)
  A bat (D:1)
  8 frilled lizards (D:1)
  A rat (D:2)
23 creatures vanquished.

Notes
Turn   | Place    | Note
-------+----------+-------------------------------------------
     0 | D:1      | Felido the Vampire Enchanter began the quest for the Orb.
     0 | D:1      | Reached XP level 1. HP: 13/13 MP: 3/3
   139 | D:1      | Reached XP level 2. HP: 14/19 MP: 1/5
   182 | D:1      | Learned a level 2 spell: Ensorcelled Hibernation
   405 | D:1      | Reached skill level 5 in Hexes
   626 | D:1      | Reached XP level 3. HP: 17/24 MP: 4/6
   632 | D:1      | Learned a level 3 spell: Confusing Touch
   921 | D:2      | Noticed Robin
   937 | D:2      | Slain by a hobgoblin

Illustrated notes

Levels and vault maps discovered:
D:1:      nicolae_arrival_memento_mori, layout_basic, minmay_lizard_pond
D:2:      layout_rooms, old_standard_altar, nicolae_overflow_crystal_walls,
          chequers_ecumenical_altar_twisty, uniq_sigmund, uniq_robin

Skill      XL: |  1  2 |
---------------+-------+-----
Hexes          | 5 |  5.0
Short Blades   | |  1.6
Dodging        | |  2.7
Stealth        | |  4.5
Spellcasting   | |  2.5

Action                   || total
-------------------------++-------
Melee: Dagger            ||   104
       Bite              ||     7
 Cast: Corona            ||    25
 Stab: Distracted        ||     1
Armor: Robe              ||     5
       Leather armour    ||     8
Dodge: Dodged            ||    62
